Map: Galactic Process LE

Players

Eruantale

  • Race: Terran Terran
  • League: Silver

Gracz - Winner!

  • Race: Zerg Zerg
  • League: Silver

VOD

Have the link to the VOD?

Description

Time

  • Played on: Nov. 1, 2016, 8:35 a.m.
  • Length: 17:53
Show
View Real Time Build Order
Export as new Build Order

Eruantale Terran 

Build Orders: Mech 

Get SALT Encoding   

  12  0:03  SCV  
  13  0:15  SCV  
  14  0:23  Supply Depot  
  14  0:27  SCV  
  15  0:31  Refinery  
  15  0:44  SCV  
  15  0:46  Barracks  
  16  0:56  Supply Depot  
  16  1:00  SCV  
  17  1:12  SCV  
  18  1:39  Barracks  
  18  1:51  Unknown, Command Center  
  18  1:54  Barracks Reactor  
  18  2:05  Orbital Command  
  18  2:14  Refinery  
  18  2:26  Barracks  
  18  2:32  Barracks Reactor  
  18  2:36  SCV  
  19  2:47  Factory  
  19  2:53  Marine x2  
  22  2:58  SCV  
  22  3:02  Unknown  
  22  3:10  SCV  
  22  3:11  Orbital Command  
  23  3:12  Marine  
  23  3:16  Barracks Tech Lab  
  24  3:20  Marine  
  24  3:22  Marine  
  24  3:24  Marine  
  27  3:32  Factory Tech Lab  
  28  3:34  SCV  
  28  3:46  SCV  
  28  3:47  Starport  
  29  3:50  Orbital Command  
  29  3:57  Siege Tank  
  32  4:10  SCV  
  32  4:15  Marine, Marauder  
  36  4:22  SCV  
  36  4:23  Concussive Shells  
  37  4:29  Siege Tank  
  40  4:33  Starport Reactor  
  40  4:34  SCV  
  41  4:38  SCV  
  42  4:46  SCV  
  42  4:51  SCV  
  44  4:54  Supply Depot  
  44  4:57  Supply Depot  
  44  4:58  SCV  
  45  5:01  Supply Depot  
  45  5:03  SCV  
  45  5:05  Siege Tank  
  49  5:15  SCV  
  50  5:27  SCV  
  51  5:32  Factory  
  51  5:39  Unknown, Command Center  
  51  5:40  Factory  
  51  5:43  Engineering Bay  
  51  5:47  Marine, Marauder  
  54  5:57  Marine  
  54  5:58  Marine x2  
  57  6:05  Marine  
  57  6:08  Marauder  
  57  6:09  Refinery x2  
  60  6:22  Factory Tech Lab  
  60  6:24  Siege Tank, Factory Tech Lab  
  60  6:25  Refinery x2  
  63  6:29  SCV  
  64  6:41  SCV x2  
  66  6:49  Siege Tank  
  66  6:50  Unknown  
  66  6:53  SCV  
  66  6:54  Siege Tank, SCV  
  71  7:01  Orbital Command  
  74  7:05  SCV  
  74  7:06  SCV  
  76  7:12  Terran Infantry Weapons Level 1  
  76  7:15  Stimpack  
  76  7:17  SCV  
  76  7:18  SCV, Marauder  
  80  7:28  Barracks, Mag-Field Accelerator  
  80  7:29  Barracks, SCV  
  81  7:30  SCV  
  81  7:33  Marine x3  
  81  7:34  Marine  
  86  7:37  Medivac  
  86  7:39  Marine  
  86  7:41  SCV  
  86  7:42  SCV  
  86  7:43  Medivac  
  93  7:56  SCV  
  93  7:57  SCV x2  
  96  8:08  SCV  
  96  8:09  Marine x2, SCV x2  
  101  8:35  Cyclone, Marine x2, SCV x2  
  101  8:39  Supply Depot  
  101  8:40  Supply Depot x2  
  109  8:45  Barracks Tech Lab x2  
  109  9:00  Marine x4  
  109  9:01  Cyclone, SCV x3  
  120  9:05  Marine  
  120  9:06  Marine x2  
  123  9:13  SCV x2  
  125  9:18  Marine x4  
  125  9:23  Marine x2  
  125  9:24  Marine  
  89  9:36  Marine x4  
  89  9:37  Siege Tank x3  
  102  9:41  Marine x3  
  105  9:51  Combat Shields  
  105  9:54  Marine x4  
  105  9:57  Infernal Pre-Igniter  
  105  9:59  Marine x3  
  112  10:00  SCV x3  
  115  10:09  Siege Tank  
  115  10:10  Siege Tank  
  115  10:12  Marine x4, SCV x3  
  115  10:13  Siege Tank  
  131  10:17  Marine x2  
  133  10:41  Supply Depot  
  133  10:42  Supply Depot, Terran Infantry Armor Level 1  
  133  10:44  Supply Depot  
  133  10:50  Armory  
  133  11:02  Marine x2  
  133  11:03  Marine x5, SCV x3  
  143  11:15  SCV x2  
  143  11:16  Cyclone x2, SCV  
  154  11:20  Marine x3  
  157  11:44  Marine, SCV  
  157  11:45  Marine x2  
  157  11:46  Cyclone, Marine, SCV, Marauder x3  
  149  11:48  Cyclone x2  
  106  12:02  Marine  
  106  12:03  Marine x2  
  106  12:04  Marine  
  106  12:07  Marauder  
  106  12:08  Marauder x2  
  116  12:13  Viking  
  118  12:16  Viking  
  118  12:19  Hellbat  
  118  12:20  Hellbat x2, Marine  
  118  12:21  Marine x3  
  130  12:28  Terran Vehicle Weapons Level 1  
  130  12:29  Marauder x3  
  136  12:36  Terran Infantry Weapons Level 2  
  136  12:37  Marine  
  136  12:39  Marine x3  
  136  12:40  Hellbat, Missile Turret  
  136  12:42  Hellbat x2, Missile Turret  
  136  12:43  Viking  
  148  12:46  Viking  
  148  12:47  Missile Turret  
  148  12:50  Missile Turret, Marauder x2  
  148  12:51  Marauder  
  156  12:52  Missile Turret  
  156  12:55  Marine  
  156  12:58  Missile Turret  
  157  13:17  Hellbat, Marine x2  
  157  13:18  Marine x4  
  157  13:23  Marine  
  157  13:24  Viking  
  157  13:25  Hellbat x2  
  103  13:34  Marine  
  103  13:35  Marauder  
  103  13:36  Marine x2, Marauder x2  
  103  13:39  Hellbat  
  103  13:41  Marine  
  102  13:46  Hellbat x2  
  102  13:47  Viking  
  108  13:52  Marine  
  108  13:53  Marine x2  
  108  13:54  Viking  
  113  13:56  Marine  
  113  13:57  Marine x2  
  113  13:58  Marine  
  117  14:06  Cyclone, Unknown, Command Center  
  117  14:07  Cyclone  
  125  14:10  Cyclone, Marine  
  125  14:11  Marine x2  
  125  14:14  Marine  
  125  14:15  Marine x2  
  125  14:16  Marine  
  136  14:22  Terran Vehicle And Ship Armor Level 1  
  136  14:28  Marine  
  136  14:29  Marine x2  
  139  14:31  Marine  
  139  14:33  Marine x2  
  142  14:38  Cyclone  
  142  14:40  Hellbat  
  142  14:42  Hellbat  
  150  14:49  Marine  
  150  14:50  Marine x2  
  153  14:59  Marine x4  
  157  15:17  Marine x3  
  157  15:18  Hellbat x3, Unknown  
  166  15:24  Marine x4  
  170  15:35  Marine x3  
  170  15:39  Hellbat x3  
  170  15:42  Marine  
  179  15:43  Marine x3  
  183  15:53  Marine x3  
  186  16:00  Marine  
  186  16:01  Hellbat x2, Marine x3  
  190  16:12  Marine x3  
  190  16:18  Marine  
  182  16:19  Marine x3  
  117  16:30  Marine x3  
  117  16:32  Orbital Command  
  120  16:36  Marine  
  120  16:38  Hellbat  
  123  16:48  Orbital Command  
  123  17:07  Marine  
  123  17:08  Marine x5  
  129  17:27  Marine x7  
Show
View Real Time Build Order
Export as new Build Order

Gracz Zerg - Winner!

Build Orders: Hatch First, Lurkers 

Get SALT Encoding   

  12  0:04  Drone  
  13  0:16  Overlord  
  13  0:26  Drone  
  14  0:35  Drone x2  
  16  0:38  Drone  
  17  0:58  Unknown, Hatchery  
  16  1:05  Drone x2  
  18  1:18  Spawning Pool  
  18  1:22  Extractor, Drone  
  18  1:24  Drone  
  18  1:33  Drone  
  19  1:49  Drone  
  20  1:57  Drone  
  21  2:04  Drone  
  21  2:05  Extractor  
  21  2:09  Unknown  
  21  2:13  Queen x2  
  21  2:15  Drone  
  26  2:19  Drone  
  27  2:28  Drone  
  27  2:29  Overlord  
  28  2:56  Drone  
  28  2:57  Drone x4  
  33  3:04  Queen  
  35  3:07  Overlord  
  35  3:14  Overlord  
  35  3:25  Queen  
  35  3:27  Zergling x12  
  43  3:53  Lair  
  43  3:55  Drone x6  
  48  4:01  Pneumatized Carapace  
  49  4:14  Metabolic Boost  
  49  4:22  Evolution Chamber  
  48  4:24  Evolution Chamber  
  48  4:26  Drone x2  
  48  4:28  Drone x3  
  48  4:30  Overlord x2  
  52  4:51  Zerg Melee Weapons Level 1, Zerg Ground Armor Level 1  
  52  5:32  Spire  
  52  5:34  Hydralisk Den  
  50  5:37  Infestation Pit  
  49  6:09  Extractor  
  49  6:10  Extractor  
  47  6:14  Lurker Den, Unknown, Hatchery  
  47  6:18  Hydralisk x3  
  48  6:21  Zergling x12  
  48  6:22  Zergling x4  
  48  6:23  Zergling x2  
  48  6:24  Zergling x6  
  64  6:53  Hive  
  64  6:59  Drone  
  64  7:00  Drone x3  
  68  7:05  Overlord x3  
  68  7:25  Unknown  
  68  7:40  Drone x12  
  80  8:04  Overlord x4  
  80  8:07  Greater Spire  
  80  8:15  Zerg Ground Armor Level 2  
  80  8:16  Ultralisk Cavern  
  79  8:41  Lurker x3  
  82  8:45  Zergling x28  
  94  9:12  Mutalisk x3  
  93  9:55  Drone x10  
  93  9:58  Extractor  
  102  10:00  Extractor  
  101  10:07  Chitinous Plating  
  101  10:09  Zerg Melee Weapons Level 2  
  101  10:11  Adrenal Glands  
  101  10:13  Zerg Flyer Weapons Level 1  
  101  10:19  Unknown, Hatchery  
  101  10:20  Spire  
  99  10:56  Zerg Ground Armor Level 3  
  99  11:02  Corruptor  
  99  11:03  Corruptor x2  
  105  11:12  Hydralisk x4  
  105  11:15  Hydralisk  
  105  11:18  Hydralisk  
  116  11:30  Unknown  
  116  11:35  Mutalisk  
  116  11:36  Mutalisk x2  
  122  11:43  Overlord x4  
  100  12:06  Brood Lord  
  100  12:07  Brood Lord x2  
  106  12:09  Drone  
  106  12:10  Drone x11  
  118  12:25  Overlord x4  
  118  12:27  Ultralisk  
  118  12:29  Extractor  
  123  12:32  Extractor  
  123  12:35  Zerg Flyer Weapons Level 2  
  122  12:37  Zerg Flyer Armor Level 1  
  122  12:56  Ultralisk  
  122  12:57  Zergling x10  
  122  12:58  Zergling x4  
  135  13:05  Lurker x3  
  122  13:41  Zergling x4  
  122  13:42  Zergling x6  
  122  13:43  Ultralisk x4  
  122  13:45  Corruptor  
  122  13:46  Zergling x2  
  122  13:47  Zergling x14  
  161  13:49  Overlord x4  
  161  14:02  Zerg Melee Weapons Level 3  
  161  14:06  Muscular Augments  
  161  14:11  Corruptor x2  
  165  14:23  Brood Lord  
  167  14:25  Corruptor  
  167  14:26  Corruptor  
  171  14:41  Lurker x2  
  171  14:45  Corruptor  
  173  14:46  Corruptor  
  173  14:50  Corruptor  
  179  15:06  Corruptor x2  
  183  15:07  Corruptor  
  185  15:14  Unknown, Hatchery  
  185  15:18  Zergling x18  
  193  15:22  Brood Lord  
  193  15:26  Brood Lord  
  146  16:21  Zergling x2  
  146  16:22  Zergling x22  
  152  16:35  Zergling x4  
  152  16:36  Zergling x4  
  156  16:52  Unknown, Hatchery  
  156  16:53  Hydralisk x3  
  161  16:54  Zergling x2  
  161  16:58  Queen x3  
  168  17:05  Zergling x2  
  168  17:06  Zergling x6  
Tags
 
Add a new tag
Caveats
  • Supply blocks, unpowered buildings, or Contaminate may cause inaccurate times.
  • Supply counts are checked every 10 seconds.